Map: Ruines d’Endion

Players

zidar - Winner!

  • Race: Zerg Zerg
  • League: Gold
  • Spawn Location: 7:00

JoOLz

  • Race: Protoss Protoss
  • League: Silver
  • Spawn Location: 5:00

VOD

Have the link to the VOD?

Description

Time

  • Played on: June 2, 2016, 11:29 a.m.
  • Length: 16:04
Show
View Real Time Build Order
Export as new Build Order

zidar Zerg - Winner!

Build Orders: Pool First 

Get SALT Encoding   

  12  0:01  Drone  
  13  0:12  Overlord  
  13  0:17  Drone  
  14  0:31  Drone x2  
  14  0:34  Drone  
  17  0:48  Spawning Pool  
  16  0:52  Drone  
  17  1:17  Hatchery  
  17  1:18  Drone  
  17  1:25  Drone  
  18  1:27  Drone  
  18  1:28  Extractor  
  17  1:43  Queen  
  17  1:46  Drone  
  20  1:51  Overlord  
  20  1:55  Drone  
  21  2:03  Drone  
  22  2:22  Roach Warren, Queen  
  23  2:31  Metabolic Boost  
  23  2:34  Zergling x2  
  23  2:35  Zergling x2  
  25  2:38  Zergling x2  
  26  2:50  Drone x3  
  29  2:58  Overlord  
  29  3:24  Overlord  
  29  3:25  Overlord  
  29  3:29  Zergling x10  
  34  4:00  Roach x6  
  46  4:20  Pneumatized Carapace  
  46  4:35  Drone x6  
  46  4:38  Lair  
  49  5:11  Drone x3  
  52  5:17  Overlord  
  52  5:18  Overlord x5  
  52  5:26  Hatchery, Zergling x2  
  45  5:51  Drone x3  
  48  6:02  Hydralisk Den  
  47  6:09  Evolution Chamber  
  47  6:10  Evolution Chamber  
  45  6:15  Drone x6  
  51  6:19  Extractor  
  51  6:24  Queen, Extractor  
  51  6:32  Muscular Augments  
  51  6:36  Extractor  
  50  6:47  Queen  
  50  6:52  Zerg Missile Weapons Level 1  
  52  7:00  Zerg Melee Weapons Level 1  
  52  7:05  Drone x5  
  52  7:06  Drone x8  
  61  7:49  Queen  
  61  7:54  Hydralisk x8  
  61  7:56  Zergling x2  
  78  8:05  Drone x4  
  82  8:27  Overlord x2  
  82  8:28  Overlord  
  82  8:29  Drone x6  
  88  8:53  Zerg Ground Armor Level 1  
  88  8:59  Zerg Missile Weapons Level 2  
  88  9:11  Hydralisk  
  88  9:12  Hydralisk x8  
  88  9:13  Roach  
  108  9:18  Zergling x2  
  108  9:19  Zergling x4  
  111  9:38  Hatchery, Drone x3  
  95  10:01  Hydralisk x2  
  95  10:02  Hydralisk x5  
  106  10:21  Overlord  
  106  10:22  Overlord x2  
  106  10:54  Hydralisk  
  106  10:55  Hydralisk x8  
  106  10:56  Zergling x2  
  125  10:58  Zergling x4  
  125  11:00  Hatchery  
  126  11:16  Drone x9  
  126  11:17  Drone  
  135  11:52  Glial Reconstitution  
  135  11:55  Infestation Pit  
  135  11:58  Roach  
  135  12:00  Overlord x2  
  135  12:01  Overlord x2  
  136  12:18  Extractor  
  136  12:19  Zerg Ground Armor Level 2  
  136  12:20  Zerg Melee Weapons Level 2  
  136  12:21  Extractor  
  134  12:49  Overlord x3  
  134  12:50  Overlord x2  
  134  13:00  Queen  
  136  13:11  Hydralisk x12  
  162  13:13  Roach x10  
  180  13:21  Hive  
  180  14:00  Ravager x2  
  180  14:02  Ravager  
  183  14:03  Ravager  
  115  15:01  Hydralisk x18  
  135  15:38  Hydralisk  
  135  15:39  Hydralisk x11  
Show
View Real Time Build Order
Export as new Build Order

JoOLz Protoss 

Build Orders:  

Get SALT Encoding   

  12  0:01  Probe (Chrono Boost)  
  13  0:11  Probe (Chrono Boost)  
  14  0:22  Pylon  
  14  0:23  Probe (Chrono Boost)  
  15  0:40  Probe (Chrono Boost)  
  15  0:41  Gateway  
  16  0:46  Assimilator  
  16  0:50  Probe (Chrono Boost)  
  17  1:08  Gateway  
  17  1:17  Probe (Chrono Boost), Pylon  
  17  1:39  Cybernetics Core  
  17  1:43  Probe (Chrono Boost), Assimilator  
  18  1:53  Probe (Chrono Boost)  
  19  2:15  Stalker  
  21  2:16  Adept  
  21  2:17  Warp Gate (Chrono Boost)  
  23  2:33  Probe  
  24  2:46  Mothership Core  
  26  3:13  Stalker  
  28  3:28  Adept  
  30  3:35  Stargate  
  30  3:40  Pylon  
  30  4:01  Probe  
  31  4:03  Pylon  
  31  4:13  Probe  
  32  4:18  Oracle (Chrono Boost)  
  32  4:20  Nexus  
  32  4:22  Pylon  
  35  4:28  Gateway  
  35  4:33  Gateway  
  35  4:35  Probe  
  36  4:43  Stalker x2  
  40  5:08  Stalker x2  
  41  5:46  Stalker x2  
  45  5:50  Probe  
  45  5:51  Probe  
  45  5:55  Void Ray (Chrono Boost)  
  51  5:57  Stalker x2  
  51  6:02  Probe (Chrono Boost)  
  51  6:04  Probe (Chrono Boost)  
  57  6:11  Stalker  
  57  6:14  Adept  
  61  6:21  Gateway  
  62  6:25  Probe (Chrono Boost)  
  62  6:27  Probe (Chrono Boost)  
  62  6:31  Sentry x2  
  67  6:40  Probe x2 (Chrono Boost)  
  69  7:42  Pylon  
  63  7:45  Stalker x2  
  63  7:47  Adept, Pylon  
  69  7:55  Probe (Chrono Boost)  
  69  7:58  Pylon  
  70  8:00  Void Ray, Pylon  
  70  8:01  Probe (Chrono Boost)  
  70  8:05  Probe (Chrono Boost), Stalker x2  
  80  8:11  Probe (Chrono Boost)  
  81  8:24  Stalker  
  81  8:25  Stalker x2  
  87  8:36  Stalker x2  
  87  8:39  Probe x2 (Chrono Boost)  
  93  8:47  Assimilator  
  93  8:49  Probe x2 (Chrono Boost), Stalker x3  
  93  8:52  Assimilator  
  101  9:29  Robotics Facility  
  101  9:32  Gateway  
  101  9:34  Gateway  
  87  10:07  Stalker x2  
  87  10:08  Stalker x3  
  97  10:19  Probe x2 (Chrono Boost)  
  99  10:25  Pylon  
  99  10:33  Stalker  
  101  10:37  Nexus  
  101  10:39  Pylon  
  101  10:43  Immortal  
  105  10:54  Stalker x2  
  109  11:00  Pylon  
  109  11:03  Pylon  
  109  11:07  Forge, Pylon  
  109  11:08  Forge  
  109  11:11  Pylon  
  109  11:12  Probe x2 (Chrono Boost)  
  109  11:13  Pylon  
  111  11:24  Observer  
  112  11:50  Probe x3 (Chrono Boost)  
  112  11:51  Protoss Ground Weapons Level 1 (Chrono Boost), Protoss Ground Armor Level 1 (Chrono Boost)  
  115  12:07  Immortal (Chrono Boost)  
  119  12:12  Probe  
  119  12:13  Probe  
  119  12:14  Probe  
  122  12:37  Probe  
  122  12:38  Probe x2, Assimilator  
  122  12:40  Assimilator  
  122  12:44  Observer (Chrono Boost)  
  126  12:49  Stalker x2  
  126  12:51  Adept x5  
  140  13:02  Warp Prism (Chrono Boost)  
  140  13:03  Twilight Council  
  140  13:04  Probe x3  
  145  13:27  Protoss Ground Weapons Level 2, Protoss Ground Armor Level 2  
  145  14:01  Nexus  
  145  14:03  Pylon  
  145  14:04  Pylon  
  145  14:15  Gateway x2  
  145  14:17  Gateway  
  145  14:19  Gateway  
  145  14:20  Gateway x3  
  145  14:23  Gateway  
  145  14:27  Stalker x5  
  145  14:28  Stalker x2  
  123  14:50  Stalker  
  123  14:51  Stalker x4  
  123  14:52  Stalker x2  
  61  15:15  Stalker  
  61  15:16  Stalker x6  
  67  15:27  Immortal (Chrono Boost)  
  52  15:40  Adept x6  
  52  15:41  Adept  
  66  15:47  Stalker  
  66  15:48  Stalker x2  
Tags
 
Add a new tag
Caveats
  • Supply blocks, unpowered buildings, or Contaminate may cause inaccurate times.
  • Supply counts are checked every 10 seconds.